 Dungeon Crawl Stone Soup version 0.30-b1-2-g02819fbbbe (webtiles) character file.

Game seed: 13809572778820003444

2881 raph the Severer (level 9, -1/72 (73) HPs)
             Began as a Hill Orc Fighter on Dec 13, 2023.
             Was a Believer of Makhleb.
             Slain by Erica
             ... wielding a +4 scimitar of flaming
              (5 damage)
             ... on level 8 of the Dungeon.
             The game lasted 00:08:35 (7123 turns).

raph the Severer (Hill Orc Fighter)                 Turns: 7123, Time: 00:08:36

HP:   -1/72 (73)    AC: 15    Str: 19    XL:     9   Next: 76%
MP:   11/11         EV: 13    Int:  8    God:    Makhleb [**....]
Gold: 469           SH:  0    Dex: 14    Spells: 8/8 levels left

rFire   . . .        a - +0 battleaxe
rCold   . . .        (shield currently unavailable)
rNeg    . . .        u - +0 chain mail
rPois   .            t - +0 helmet
rElec   .            m - +0 cloak
rCorr   +            A - +0 pair of gloves
SInv    .            e - +1 pair of boots
Will    .....        (no amulet) Stlth
                     o - +5 ring of evasion
HPRegen 0.32/turn    q - ring of resist corrosion
MPRegen 0.12/turn

%: no passive effects
@: slowed, lightly drained, very slow
A: no striking features
a: Renounce Religion, Minor Destruction


You were on level 8 of the Dungeon.
You worshipped Makhleb.
Makhleb was pleased with you.
You visited 1 branch of the dungeon, and saw 8 of its levels.

You collected 469 gold pieces.

Inventory:

Hand Weapons
 a - a +0 battleaxe (weapon)
 b - the +6 flail "Uroniy" {heavy, SInv}
   (You found it on level 4 of the Dungeon)

   SInv:      It lets you see invisible.
 D - a +0 war axe
Missiles
 s - 15 poisoned darts
 C - a curare-tipped dart
 G - 5 boomerangs (quivered)
Armour
 c - a +0 buckler
 d - a +0 scale mail
 e - a +1 pair of boots (worn)
 m - a +0 cloak (worn)
 t - a +0 helmet (worn)
 u - a +0 chain mail (worn)
 A - a +0 pair of gloves (worn)
Jewellery
 o - a +5 ring of evasion (left hand)
 q - a ring of resist corrosion (right hand)
 r - a ring of fire
 I - an amulet of faith
Wands
 i - a wand of quicksilver (10)
 v - a wand of polymorph (6)
 E - a wand of flame (16)
 H - a wand of digging (6)
Scrolls
 x - a scroll of magic mapping
 y - 2 scrolls of poison
 J - a scroll of vulnerability {unknown}
Potions
 f - a potion of heal wounds
 g - 2 potions of invisibility
 h - 2 potions of lignification {unknown}
 j - 2 potions of ambrosia {unknown}
 k - a potion of cancellation
 l - a potion of mutation {unknown}
 p - 5 potions of curing {unknown}
 w - a potion of magic {unknown}
 z - a potion of might
 B - a potion of experience {unknown}
 F - a potion of degeneration {unknown}


   Skills:
 + Level 4.8 Fighting
 + Level 15.5 Axes
 + Level 4.4 Armour
 + Level 1.8 Dodging
 - Level 3.3 Shields
 + Level 3.1 Invocations


You had 8 spell levels left.
You didn't know any spells.
Your spell library contained the following spells:

 Spells                   Type           Power      Damage    Failure   Level
 Magic Dart               Conj           0%         1d3       98%         1
 Call Imp                 Summ           0%         N/A       99%         2
 Poisonous Vapours        Pois/Air       0%         N/A       99%         2
 Sublimation of Blood     Necr           0%         N/A       99%         2
 Wereblood                Tmut           0%         N/A       99%         2
 Mephitic Cloud           Conj/Pois/Air  0%         N/A       100%        3
 Summon Guardian Golem    Hex/Summ       0%         N/A       100%        3
 Freezing Cloud           Conj/Ice/Air   0%         6-21      100%        5
 Orb of Destruction       Conj           0%         9d5       100%        7
 Spellforged Servitor     Conj/Summ      0%         N/A       100%        7
 Summon Hydra             Summ           0%         N/A       100%        7


Dungeon Overview and Level Annotations

Branches:
Dungeon (8/15)             Temple (0/1) D:7
   Lair: D:8-11

Altars:
Fedhas
Hepliaklqana
Makhleb
Uskayaw
Yredelemnul

Annotations:
D:7 2 transporters, diceflayer's ghost, novice DsGl
D:8 Erica


Message History

You are poisoned.
Throw: 2 darts (curare)
Press: ? - help, Shift-Dir - straight line, f/p - Erica
Aim: Erica, wielding a +4 scimitar of flaming and wearing a +0 robe (57% to hit)
You throw a curare-tipped dart. The curare-tipped dart hits Erica.
Erica is poisoned.
Erica convulses.
Erica seems to slow down.
Erica is lightly wounded.
You feel very sick.
You slice Erica!!
Erica is heavily wounded.
You feel very sick. Erica casts a spell at you. The lance of force hits you!
You are knocked back by the lance of force.
You slam into the rock wall!
You feel sick.
You feel sick.
You hit Erica.
Erica is severely wounded.
You feel sick.
Erica mumbles some strange words.
Erica flickers and vanishes!
Deactivating autopickup; reactivate with Ctrl-A.
A boulder beetle comes into view.
You barely miss something.
You feel sick. Something hits you.
* * * LOW HITPOINT WARNING * * *
Something burns you.
* * * LOW HITPOINT WARNING * * *
You feel sick.
You are no longer poisoned.
The boulder beetle curls into a ball and begins rolling!
You feel much better. Something hits you!
* * * LOW HITPOINT WARNING * * *
Something burns you.
* * * LOW HITPOINT WARNING * * *
You barely miss something. Something hits you!
* * * LOW HITPOINT WARNING * * *
Something burns you.
You die...

..### ....# #.#.#
#(.
#.#.##############.#
..#..............#.#
################.#.#
#.#!# # #.#(# #####
#@#(# ...<#
######{#.# .####
#.....B..# .#
#.####○### .# #°# .#
.°# .. ..°# ##.
###.# # ../


You could see a boulder beetle (rolling).

Vanquished Creatures
  4 yaks (D:6)
  A water moccasin (D:7)
  An ice beast (D:5)
  2 orc warriors (D:6)
  A black bear (D:5)
  2 sky beasts (D:6)
  2 ogres
  A phantom (D:6)
  2 kobold brigands
  A bullfrog (D:7)
  2 scorpions
  8 wights (D:7)
  4 hounds
  A jelly (D:4)
  3 orc priests
  3 orc wizards
  5 sleepcaps
  Robin (D:4)
  5 adders
  4 gnolls (D:4)
  A shadow imp (D:5)
  A white imp (D:6)
  3 worms
  A dart slug (D:3)
  21 orcs
  3 ball pythons
  8 endoplasms
  2 giant cockroaches
  17 goblins
  5 hobgoblins
  4 jackals (D:1)
  8 quokkas
  10 bats
  3 frilled lizards
  14 kobolds
  2 rats (D:2)
156 creatures vanquished.

Vanquished Creatures (others)
  A kobold (D:3)
  A withered plant (D:1)
2 creatures vanquished.

Grand Total: 158 creatures vanquished

Notes
Turn   | Place    | Note
-------+----------+-------------------------------------------
     0 | D:1      | raph the Hill Orc Fighter began the quest for the Orb.
     0 | D:1      | Reached XP level 1. HP: 19/19 MP: 1/1
    98 | D:1      | Reached skill level 3 in Axes
   216 | D:1      | Reached XP level 2. HP: 27/27 MP: 2/2
   363 | D:1      | Reached skill level 4 in Axes
   489 | D:1      | Reached XP level 3. HP: 30/33 MP: 3/3
   596 | D:1      | Found a faded altar of an unknown god.
  1227 | D:2      | Reached skill level 5 in Axes
  1227 | D:2      | Reached XP level 4. HP: 34/40 MP: 4/4
  1268 | D:2      | Found a blossoming altar of Fedhas.
  1701 | D:3      | Found a burning altar of Makhleb.
  1716 | D:3      | Noticed a green death
  1720 | D:3      | Noticed a ynoxinul
  1720 | D:3      | Noticed a ynoxinul
  1722 | D:3      | Became a worshipper of Makhleb the Destroyer
  1774 | D:3      | Reached skill level 6 in Axes
  2072 | D:3      | Reached XP level 5. HP: 14/46 MP: 5/5
  2547 | D:3      | Found a blossoming altar of Fedhas.
  2563 | D:3      | Reached skill level 7 in Axes
  2877 | D:4      | Noticed Robin
  2891 | D:4      | Killed Robin
  2897 | D:4      | Reached * piety under Makhleb
  3016 | D:4      | Reached skill level 8 in Axes
  3016 | D:4      | Reached XP level 6. HP: 42/52 MP: 6/6
  3055 | D:4      | Identified the +6 flail "Uroniy" {heavy, SInv}
  3541 | D:4      | Found a hazy altar of Hepliaklqana.
  3548 | D:4      | Reached skill level 9 in Axes
  3682 | D:5      | Entered Level 5 of the Dungeon
  3727 | D:5      | Identified the +10 falchion "Selihec" {spect, rN+}
  3744 | D:5      | Noticed a black bear
  3753 | D:5      | Killed a black bear
  3754 | D:5      | Reached XP level 7. HP: 50/58 MP: 7/7
  3780 | D:5      | Reached skill level 10 in Axes
  4360 | D:5      | Reached skill level 11 in Axes
  4452 | D:5      | Reached ** piety under Makhleb
  4498 | D:5      | Reached XP level 8. HP: 66/66 MP: 8/8
  4796 | D:6      | Reached skill level 12 in Axes
  5098 | D:6      | Noticed a yak
  5098 | D:6      | Noticed a yak
  5099 | D:6      | Noticed a yak
  5099 | D:6      | Noticed a yak
  5105 | D:6      | Reached skill level 13 in Axes
  5107 | D:6      | Killed a yak
  5112 | D:6      | Killed a yak
  5113 | D:6      | Reached skill level 14 in Axes
  5115 | D:6      | Killed a yak
  5116 | D:6      | Reached XP level 9. HP: 67/71 MP: 9/9
  5166 | D:6      | Found a basalt altar of Yredelemnul.
  5224 | D:6      | Reached skill level 15 in Axes
  5625 | D:6      | Reached skill level 1 in Invocations
  6085 | D:7      | Found a transporter.
  6092 | D:7      | Found a transporter.
  6250 | D:7      | Found a staircase to the Ecumenical Temple.
  6265 | D:7      | Reached skill level 1 in Dodging
  6448 | D:7      | Noticed diceflayer's ghost (novice DsGl)
  6544 | D:7      | Found a hide-covered altar of Uskayaw.
  7111 | D:8      | Noticed Erica
  7119 | D:8      | Noticed a boulder beetle
  7123 | D:8      | Slain by Erica

Illustrated notes

Levels and vault maps discovered:
D:1:      dpeg_arrival_erosion, layout_rooms, shapermc_ecumenical_altar_gd
D:2:      layout_loops_corners, basic_altar
D:3:      layout_basic, mainiacjoe_overflow_alcove_2, makhleb_altar_promises_db
D:4:      layout_loops_ring, lemuel_coloured_pillars_altar, uniq_robin
D:5:      layout_gridville, minmay_chambers_of_fives
D:6:      layout_basic, mainiacjoe_overflow_tiny_flanked,
          chequers_serial_rivers_large_b
D:7:      layout_loops_corners, general_overflow_altar,
          minmay_temple_entry_statues_pillars, gammafunk_ghost_stat_death,
          minmay_misc_feat_x, grunt_decor_one_mirror, minmay_hedge_maze
D:8:      layout_basic, dpeg_lair_monsters, uniq_erica

Skill      XL: |  1  2  3  4  5  6  7  8  9 |
---------------+----------------------------+-----
Axes           | 3 4 5 6 8 9 11 14 15 | 15.5
Invocations    | 3 |  3.1
Fighting       | 4 |  4.8
Dodging        | 1 |  1.8
Armour         | 4 |  4.4
Shields        | |  3.3

Action                     |  1- 3 |  4- 6 |  7- 9 || total
---------------------------+-------+-------+-------++-------
  Melee: War axe           |    99 |   183 |    94 ||   376
         Battleaxe         |       |       |   124 ||   124
  Throw: Boomerang         |       |       |     9 ||     9
         Dart              |       |       |     2 ||     2
         Throwing net      |       |       |     2 ||     2
    Use: Scroll            |     3 |     4 |     3 ||    10
         Potion            |       |     1 |     2 ||     3
 Armour: Scale mail        |    53 |    25 |       ||    78
         Chain mail        |       |    54 |    70 ||   124
  Dodge: Dodged            |    46 |   111 |   102 ||   259
  Block: Buckler           |    26 |    33 |    14 ||    73
